 Dungeon Crawl Stone Soup version 0.18.1-48-g4cf74bf (webtiles) character file.

68 nicanaca0 the Chopper (level 4, -1/39 HPs)
             Began as a Minotaur Berserker on June 26, 2016.
             Was a Believer of Trog.
             Killed by divine providence
             ... invoked by an orc priest
              (7 damage)
             ... on level 3 of the Dungeon.
             The game lasted 00:03:07 (1516 turns).

nicanaca0 the Chopper (Minotaur Berserker)          Turns: 1516, Time: 00:03:08

Health: -1/39      AC: 12    Str: 22    XL:     4   Next: 1%
Magic:  3/3        EV:  7    Int:  4    God:    Trog [**....]
Gold:   152        SH:  0    Dex: 10    Spells: 0 memorised, 3 levels left

rFire  . . .     SeeInvis .     a - +0 hand axe
rCold  . . .     Gourm    .     j - +0 plate armour
rNeg   . . .     Faith    .     (no shield)
rPois  .         Spirit   .     (helmet restricted)
rElec  .         Dismiss  .     k - +0 cloak (curse)
rCorr  .         Reflect  .     (no gloves)
SustAt .         Harm     .     (no boots)
MR     .....                    (no amulet)
Stlth  ..........               (no ring)
                                (no ring)

@: not resistant to hostile enchantments, extremely unstealthy
A: retaliatory headbutt, horns 2
a: Berserk, Trog's Hand, Burn Spellbooks, Renounce Religion


You were on level 3 of the Dungeon.
You worshipped Trog.
Trog was pleased with you.
You were hungry.

You visited 1 branch of the dungeon, and saw 3 of its levels.

You collected 152 gold pieces.

Inventory:

Hand Weapons
 a - a +0 hand axe (weapon)
Armour
 j - a +0 plate armour (worn)
 k - a cursed +0 cloak (worn)
Jewellery
 r - an uncursed ring of stealth {unknown}
Wands
 u - a wand of iceblast (7/15)
Scrolls
 d - 2 scrolls of teleportation {unknown}
 g - 2 scrolls of identify {unknown}
 i - a scroll of fear {unknown}
 m - a scroll of random uselessness {unknown}
 n - a scroll of remove curse {unknown}
 o - 3 scrolls of recharging {unknown}
 p - a scroll of amnesia {unknown}
 t - a scroll of immolation {unknown}
 v - a scroll of noise {unknown}
Potions
 b - a potion of haste {unknown}
 e - 2 potions of curing {unknown}
 h - a potion of brilliance {unknown}
 s - 2 potions of flight {unknown}
 w - a potion of heal wounds {unknown}
Comestibles
 c - 3 bread rations
 f - 7 fruits
 l - a slice of pizza
 q - a royal jelly


   Skills:
 - Level 3.6 Fighting
 + Level 5.9 Axes
 - Level 2.4 Armour
 - Level 2.1 Dodging


You had 3 spell levels left.
You didn't know any spells.

Dungeon Overview and Level Annotations

Branches:
Dungeon (3/15)

Altars:
Okawaru
Sif Muna


Innate Abilities, Weirdness & Mutations

You reflexively headbutt those who attack you in melee.
You have a pair of horns on your head.


Message History

You feel sick.
You start resting.
You feel sick. x18
You are no longer poisoned.
You start resting.
The orc priest shouts!
The orc priest casts a cantrip, but nothing happens.
You start resting.
You are too injured to fight recklessly!
You are too injured to fight recklessly!
The orc priest hits you but does no damage.
You closely miss the orc priest.
Your plate armour prevents you from hitting the orc priest.
The orc priest closely misses you. You furiously retaliate!
You headbutt the orc priest, but do no damage.
You hit the orc priest.
You headbutt the orc priest, but do no damage.
The orc priest is lightly wounded.
The orc priest calls down the wrath of Beogh upon you.
Beogh smites you!
You die...

.....o...........#....
........).((..........
............(.........
.............(........
#######.###...........
.######## #..##...#.#.....
........####.##...#(#..(..
..........o...#...#.#.....
.........@....#...#.#.....
..######......#...#.#.....
. ######.##+##.#.....
#..#.##.##....
#.....).##....
#.............
.................
.................
.........[.....##


You could see an orc priest.

Vanquished Creatures
  2 adders (D:2)
  An ooze (D:2)
  A worm (D:2)
  A dart slug (D:2)
  2 giant geckos (D:2)
  10 bats
  3 giant cockroaches
  A goblin (D:1)
  A hobgoblin (D:2)
  9 kobolds
  A ball python (D:1)
  3 giant newts (D:1)
  4 rats
39 creatures vanquished.

Notes
Turn   | Place    | Note
--------------------------------------------------------------
     0 | D:1      | nicanaca0 the Minotaur Berserker began the quest for the Orb.
     0 | D:1      | Reached XP level 1. HP: 19/19 MP: 0/0
    81 | D:1      | Reached skill level 4 in Axes
   232 | D:1      | Reached XP level 2. HP: 26/26 MP: 1/1
   918 | D:2      | Reached skill level 5 in Axes
   946 | D:2      | Reached XP level 3. HP: 29/31 MP: 2/2
   978 | D:2      | Found an iron altar of Okawaru.
   978 | D:2      | Found a deep blue altar of Sif Muna.
  1115 | D:2      | Reached ** piety under Trog
  1444 | D:3      | Reached XP level 4. HP: 39/39 MP: 3/3
  1516 | D:3      | Killed from afar by an orc priest

Skill      XL: |  1  2 |
---------------+-------+-----
Axes           | 4 5 |  5.9
Fighting       | |  3.6
Armour         | |  2.4
Dodging        | |  2.1

Action                   |  1- 3 |  4- 6 || total
-------------------------+-------+-------++-------
Melee: Hand axe          |   103 |     5 ||   108
       Headbutt          |    16 |     1 ||    17
 Stab: Sleeping          |     1 |       ||     1
  Eat: Chunk             |     1 |       ||     1
Armor: Animal skin       |     3 |       ||     3
       Plate armour      |    77 |     1 ||    78
Dodge: Dodged            |    55 |     2 ||    57
